 Dungeon Crawl Stone Soup version 0.30.0-15-g856e2d3f33 (webtiles) character file.

Game seed: 11942842167623117088

6071 Darkkill the Fighter (level 10, -13/93 HPs)
             Began as a Minotaur Hunter on May 18, 2023.
             Was an Initiate of Gozag.
             Killed from afar by a deep elf pyromancer (19 damage)
             ... with a bolt of fire
             ... on level 9 of the Dungeon.
             The game lasted 00:13:40 (6651 turns).

Darkkill the Fighter (Minotaur Hunter)              Turns: 6651, Time: 00:13:40

Health: -13/93     AC: 14    Str: 17    XL:     10   Next: 57%
Magic:  9/9        EV: 15    Int:  6    God:    Gozag
Gold:   698        SH:  0    Dex: 17    Spells: 9/9 levels left

rFire   . . .        a - +4 shortbow (heavy)
rCold   . . .        (shield currently unavailable)
rNeg    . . .        o - +2 shadow dragon scales
rPois   .            (helmet restricted)
rElec   .            (no cloak)
rCorr   .            p - +0 pair of gloves
SInv    .            (no boots)
Will    .....        s - amulet of regeneration
Stlth   +++++        e - +5 ring of evasion
HPRegen 1.15/turn    (no ring)
MPRegen 0.11/turn

%: no passive effects
@: gold aura
A: horns 2, retaliatory headbutt
a: Renounce Religion, Potion Petition, Call Merchant, Bribe Branch


You were on level 9 of the Dungeon.
You worshipped Gozag.
Gozag was pleased with you.
You visited 1 branch of the dungeon, and saw 9 of its levels.
You also visited: Ossuary.

You collected 1718 gold pieces.
You spent 396 gold pieces at shops.
You paid 624 gold pieces to Gozag.

Inventory:

Hand Weapons
 a - a +4 heavy shortbow (weapon)
 b - a +0 lajatang of venom
Missiles
 h - 48 stones
 m - 8 poisoned darts
 x - 2 boomerangs
Armour
 o - +2 shadow dragon scales (worn)
 p - a +0 pair of gloves (worn)
 t - a +0 pair of boots
Jewellery
 e - a +5 ring of evasion (left hand)
 s - an amulet of regeneration (around neck)
Wands
 v - a wand of flame (50)
 A - a wand of mindburst (11)
Scrolls
 g - 6 scrolls of teleportation
 k - a scroll of magic mapping
 u - 2 scrolls of immolation
 y - 2 scrolls of identify {@r1}
 z - a scroll of blinking
 B - a scroll of enchant weapon
Potions
 c - 2 potions of invisibility
 d - 5 potions of lignification
 f - 2 potions of brilliance
 i - 2 potions of ambrosia
 j - 2 potions of resistance
 l - 2 potions of magic
 n - a potion of mutation
 q - 2 potions of heal wounds
 r - 2 potions of curing {@q1}
 w - 2 potions of haste


   Skills:
 + Level 9.9 Fighting
 + Level 9.8 Ranged Weapons
 + Level 9.1 Dodging
 + Level 7.3 Stealth


You had 9 spell levels left.
You didn't know any spells.
Your spell library contained the following spells:

 Spells                   Type           Power      Damage    Failure   Level
 Sting                    Tmut/Pois      0%         1d3       100%        1
 Blink                    Tloc           0%         N/A       100%        2
 Lesser Beckoning         Tloc           0%         N/A       100%        2
 Momentum Strike          Conj/Tloc      0%         3d8       100%        2
 Poisonous Vapours        Pois/Air       0%         N/A       100%        2
 Stone Arrow              Conj/Erth      0%         3d7       100%        3
 Animate Armour           Summ/Erth      0%         N/A       100%        4
 Olgreb's Toxic Radiance  Pois           0%         N/A       100%        4
 Blade Hands              Tmut           0%         N/A       100%        5
 Irradiate                Conj/Tmut      0%         3d11      100%        5
 Dragon Form              Tmut           0%         N/A       100%        7
 Lehudib's Crystal Spear  Conj/Erth      0%         10d2      100%        8


Dungeon Overview and Level Annotations

Branches:
Dungeon (9/15)             Temple (0/1) D:6         Ossuary (visited)
   Lair: D:8-11         Orc: D:9-12

Altars:
Ashenzari
Elyvilon
Gozag
Nemelex Xobeh
Trog
Vehumet
Wu Jian
Xom
Zin

Shops:
D:6 (:   D:7 *


Innate Abilities, Weirdness & Mutations

You have a pair of horns on your head.
You reflexively headbutt those who attack you in melee.


Message History

You shoot an arrow. The arrow barely misses the yak.
The yak gores you!
The deep elf pyromancer casts a spell.
The deep elf pyromancer blinks!
The yak gores you!
The deep elf pyromancer hits you with a +0 dagger.
The yak gores you but does no damage. The yak closely misses you.
Fire: a) +4 shortbow (heavy)
Press: ? - help, Q - select action, (/) - cycle Shift-Dir - straight line, f/p - yak
Aim: a yak (heavily wounded, 79% to hit)
You shoot an arrow. The arrow hits the yak.
The yak is severely wounded.
The yak barely misses you.
The deep elf pyromancer casts a spell.
The deep elf pyromancer blinks!
The yak closely misses you. The yak gores you!
The yak gores you but does no damage.
Fire: a) +4 shortbow (heavy)
Press: ? - help, Q - select action, (/) - cycle Shift-Dir - straight line, f/p - yak
Aim: a yak (severely wounded, 79% to hit)
You shoot an arrow.
The arrow hits the yak but does no damage.
The yak is severely wounded.
You hear a howl!
The yak closely misses you. You furiously retaliate!
You headbutt the yak! The yak misses you. The yak gores you.
The yak gores you but does no damage.
Fire: a) +4 shortbow (heavy)
Press: ? - help, Q - select action, (/) - cycle Shift-Dir - straight line, f/p - yak
Aim: a yak (almost dead, 79% to hit)
You shoot an arrow. The arrow hits the yak!!
You kill the yak!
You hear a howl!
Fire: a) +4 shortbow (heavy)
Press: ? - help, Q - select action, (/) - cycle Shift-Dir - straight line, f - deep elf pyromancer
Aim: a deep elf pyromancer, wielding a +0 dagger and wearing a +0 leather armour (64% to hit)
You shoot an arrow. The arrow hits the deep elf pyromancer!
The deep elf pyromancer is moderately wounded.
The yak closely misses you. x3; You furiously retaliate!
You headbutt the yak. The yak barely misses you.
The deep elf pyromancer points at you and mumbles some strange words.
The bolt of fire hits you!!
* * * LOW HITPOINT WARNING * * *
Fire: a) +4 shortbow (heavy)
Press: ? - help, Q - select action, (/) - cycle Shift-Dir - straight line, f/p - deep elf pyromancer
Aim: a deep elf pyromancer, wielding a +0 dagger and wearing a +0 leather armour (moderately wounded, 64% to hit)
Okay, then.
Unknown command.
You feel much better.
A howler monkey comes into view.
The yak barely misses you. The deep elf pyromancer misses you.
You furiously retaliate!
You headbutt the deep elf pyromancer! The yak gores you.
* * * LOW HITPOINT WARNING * * *
You feel much better. The yak gores you but does no damage. The yak gores you!
The deep elf pyromancer completely misses you.
You feel much better.
The deep elf pyromancer hits you with a +0 dagger.
The yak gores you! The yak gores you but does no damage.
Fire: a) +4 shortbow (heavy)
Press: ? - help, Q - select action, (/) - cycle Shift-Dir - straight line, f/p - deep elf pyromancer
Aim: a deep elf pyromancer, wielding a +0 dagger and wearing a +0 leather armour (heavily wounded, 64% to hit)
You shoot an arrow.
The arrow closely misses the deep elf pyromancer.
The yak gores you!
The deep elf pyromancer hits you but does no damage.
The howler monkey hoots and howls with incredible vigour!
The yak closely misses you. You furiously retaliate!
You headbutt the yak!
The deep elf pyromancer hits you but does no damage.
The yak completely misses you. You furiously retaliate!
You headbutt the yak! The yak barely misses you.
You hear a shout!
Fire: a) +4 shortbow (heavy)
Press: ? - help, Q - select action, (/) - cycle Shift-Dir - straight line, f/p - deep elf pyromancer
Aim: a deep elf pyromancer, wielding a +0 dagger and wearing a +0 leather armour (heavily wounded, 64% to hit)
You shoot an arrow. The arrow hits the deep elf pyromancer!
The deep elf pyromancer is almost dead.
You hear a howl!
The yak barely misses you.
The deep elf pyromancer hits you with a +0 dagger.
The yak gores you! The yak gores you but does no damage.
The deep elf pyromancer mumbles some strange words.
The deep elf pyromancer blinks!
The yak gores you.
Fire: a) +4 shortbow (heavy)
Press: ? - help, Q - select action, (/) - cycle Shift-Dir - straight line, f/p - deep elf pyromancer
Aim: a deep elf pyromancer, wielding a +0 dagger and wearing a +0 leather armour (almost dead, 64% to hit)
You shoot an arrow.
The arrow barely misses the deep elf pyromancer.
The fire elemental disappears in a puff of smoke!
The howler monkey is distracted by your dazzling golden aura.
The yak gores you!
* * * LOW HITPOINT WARNING * * *
The yak gores you but does no damage.
The deep elf pyromancer gestures wildly while chanting.
The deep elf pyromancer blinks!
The fire elemental is distracted by your dazzling golden aura.
The yak gores you!
* * * LOW HITPOINT WARNING * * *
The yak misses you.
The deep elf pyromancer casts a spell at you.
The bolt of fire hits you!!
You die...
Your body crumbles into a pile of gold.

## .. .# .# .# #####
# .###### #..e# h#
......######.#.###E#
.####........#[§YYE#
)# ########.#.#@###
.# ..#.#§# .#
.###.#.# .# #. ..#.#
.###### # ###.#
......# #.. ..#####
### ..... ..# #.#.#
..# #....


You could see a deep elf pyromancer, 2 yaks, 2 fire elementals and a howler
monkey (unaware).

Vanquished Creatures
  Psyche (D:9)
  A troll (D:9)
  5 humans (D:7)
  7 yaks (D:9)
  2 steam dragons
  An acid dragon (D:7)
  A water moccasin (D:6)
  3 orc warriors
  2 ice beasts
  A sky beast (D:7)
  2 black bears
  2 ogres
  3 centaurs
  5 bullfrogs
  10 wights
  A vampire bat (D:4)
  5 killer bees (D:7)
  5 howler monkeys
  3 hounds
  2 gnoll boudas
  6 orc priests
  Jessica (D:3)
  2 iguanas
  A sleepcap (D:6)
  7 orc wizards
  3 mummies (Ossuary)
  6 gnolls
  9 adders
  2 shadow imps
  2 white imps
  An adder zombie (Ossuary)
  A worm (D:4)
  3 dart slugs
  3 fire bats (D:4)
  20 orcs
  A spectral bat (D:4)
  3 ball pythons
  14 bats
  3 bat skeletons (D:4)
  A bat zombie (D:4)
  2 endoplasms
  A giant cockroach (D:1)
  A gnoll zombie (Ossuary)
  7 goblins
  11 hobgoblins
  11 jackals
  9 kobolds
  4 quokkas
  A bat simulacrum (D:4)
  2 frilled lizards (D:1)
  3 goblin zombies (Ossuary)
  4 hobgoblin zombies (Ossuary)
  4 kobold zombies (Ossuary)
  4 quokka zombies
  5 rats
  3 rat zombies
223 creatures vanquished.

Vanquished Creatures (others)
  A spectral bat (D:4)
1 creature vanquished.

Grand Total: 224 creatures vanquished

Notes
Turn   | Place    | Note
-------+----------+-------------------------------------------
     0 | D:1      | Darkkill the Minotaur Hunter began the quest for the Orb.
     0 | D:1      | Reached XP level 1. HP: 18/18 MP: 0/0
   135 | D:1      | Reached skill level 1 in Stealth
   206 | D:1      | Reached XP level 2. HP: 25/25 MP: 1/1
   483 | D:1      | Reached XP level 3. HP: 19/31 MP: 2/2
  1611 | D:3      | Reached XP level 4. HP: 38/38 MP: 3/3
  1826 | D:3      | Found an opulent altar of Gozag.
  1827 | D:3      | Found a white marble altar of Elyvilon.
  1843 | D:3      | Became a worshipper of Gozag Ym Sagoz the Greedy
  1933 | D:3      | Noticed Jessica
  1940 | D:3      | Killed Jessica
  1941 | D:3      | Reached skill level 5 in Ranged Weapons
  2138 | D:4      | Reached XP level 5. HP: 45/46 MP: 4/4
  2332 | D:4      | Found a bloodstained altar of Trog.
  2440 | D:4      | Reached XP level 6. HP: 52/52 MP: 5/5
  2523 | D:4      | Noticed an angel
  2524 | D:4      | Found a glowing silver altar of Zin.
  2531 | D:4      | Found a shimmering altar of Xom.
  2541 | D:4      | HP: 8/53 [ogre/+0 giant club (15)]
  3254 | D:5      | Entered Level 5 of the Dungeon
  3324 | D:5      | Noticed an ice beast
  3334 | D:5      | Killed an ice beast
  3335 | D:5      | Reached skill level 5 in Fighting
  3335 | D:5      | Reached XP level 7. HP: 44/61 MP: 6/6
  3479 | D:5      | Reached skill level 5 in Dodging
  4207 | D:6      | Noticed a steam dragon
  4219 | D:6      | Killed a steam dragon
  4423 | D:6      | Found a sand-covered staircase.
  4432 | Ossuary  | Entered an ossuary
  4543 | Ossuary  | Reached XP level 8. HP: 70/70 MP: 7/7
  4769 | D:6      | Found Hossoucs's Book Shop.
  4823 | D:6      | Found an ornate altar of the Wu Jian Council.
  4845 | D:6      | Found a sparkling altar of Nemelex Xobeh.
  5034 | D:6      | Found a staircase to the Ecumenical Temple.
  5148 | D:6      | Bought a glowing lajatang for 396 gold pieces
  5264 | D:7      | Reached skill level 5 in Stealth
  5301 | D:7      | Reached XP level 9. HP: 69/79 MP: 8/8
  5494 | D:7      | Found a broken altar of Ashenzari.
  5596 | D:7      | Found Zolyhofo's Assorted Antiques.
  5935 | D:8      | Reached XP level 10. HP: 64/90 MP: 9/9
  6274 | D:9      | Found a radiant altar of Vehumet.
  6397 | D:9      | Noticed Psyche
  6401 | D:9      | Killed Psyche
  6636 | D:9      | Noticed a deep elf pyromancer
  6645 | D:9      | HP: 7/93 [deep elf pyromancer/bolt of fire (33)]
  6651 | D:9      | HP: 17/93 [yak (13)]
  6651 | D:9      | HP: 6/93 [yak (11)]
  6651 | D:9      | Killed from afar by a deep elf pyromancer

Illustrated notes

Levels and vault maps discovered:
D:1:      spicycebolla_green_bress_n_ham, layout_loops_ring,
          chequers_serial_rivers_small_3, minmay_misc_feat_nine_boxes
D:2:      layout_loops_ring
D:3:      layout_basic, chequers_temple_overflow_statue_of_worship,
          kennysheep_jessica_study
D:4:      layout_loops_corners, grunt_temple_overflow_order_and_chaos_1,
          trog_three_pillars_becter, goddamned_bats
D:5:      layout_loops_ring, chequers_serial_rivers_small_a
D:6:      layout_gridville, marbit_many_paths, lemuel_crystal_altar,
          temple_hall, serial_shops, shop, enter_ossuary_4
D:7:      layout_rooms, mainiacjoe_overflow_concentric_impassable, serial_shops,
          nicolae_shop_crystal, minmay_ruffians
D:8:      layout_rooms
D:9:      layout_small_grid, mainiacjoe_overflow_tiny_flanked, serial_glass,
          glass_columns_b, glass_columns_c, glass_columns_b, glass_columns_b,
          glass_columns_a, glass_columns_a, grunt_ministairs_14, wad_mini_maze,
          uniq_psyche

Skill      XL: |  1  2  3  4  5  6  7  8  9 10 |
---------------+-------------------------------+-----
Stealth        | 1 2 3 4 5 6 7 |  7.3
Fighting       | 3 4 5 7 8 9 |  9.9
Dodging        | 3 4 5 6 8 9 |  9.1
Ranged Weapons | 5 6 7 9 |  9.8

Action                     |  1- 3 |  4- 6 |  7- 9 | 10-12 || total
---------------------------+-------+-------+-------+-------++-------
   Fire: Shortbow          |   116 |   114 |   266 |    89 ||   585
 Invoke: Call Merchant     |       |       |     1 |       ||     1
    Use: Scroll            |     7 |     8 |    12 |     1 ||    28
         Potion            |       |       |     1 |     3 ||     4
 Armour: Leather armour    |    19 |       |       |       ||    19
         Shadow dragon sca |     1 |    58 |   101 |    67 ||   227
  Dodge: Dodged            |    34 |    73 |   165 |   111 ||   383

Levels and vault maps discovered:
D:1:      spicycebolla_green_bress_n_ham, layout_loops_ring,
          chequers_serial_rivers_small_3, minmay_misc_feat_nine_boxes
D:2:      layout_loops_ring
D:3:      layout_basic, chequers_temple_overflow_statue_of_worship,
          kennysheep_jessica_study
D:4:      layout_loops_corners, grunt_temple_overflow_order_and_chaos_1,
          trog_three_pillars_becter, goddamned_bats
D:5:      layout_loops_ring, chequers_serial_rivers_small_a
D:6:      layout_gridville, marbit_many_paths, lemuel_crystal_altar,
          temple_hall, serial_shops, shop, enter_ossuary_4
D:7:      layout_rooms, mainiacjoe_overflow_concentric_impassable, serial_shops,
          nicolae_shop_crystal, minmay_ruffians
D:8:      layout_rooms
D:9:      layout_small_grid, mainiacjoe_overflow_tiny_flanked, serial_glass,
          glass_columns_b, glass_columns_c, glass_columns_b, glass_columns_b,
          glass_columns_a, glass_columns_a, grunt_ministairs_14, wad_mini_maze,
          uniq_psyche

Table legend: (Time is in decaauts)
 A = Elapsed time spent in this place.
 B = Non-inter-level travel time spent in this place.
 C = Inter-level travel time spent in this place.
 D = Time resting spent in this place.
 E = Time spent auto-exploring this place.
 F = Levels seen in this place.
 G = Mean time per level.
                   A        B        C        D        E       F      G
               +--------+--------+--------+--------+--------+-----+--------+
         Total |   7104 |   6858 |    246 |    100 |   5265 |  10 |  710.4 |
       Dungeon |   6873 |   6627 |    246 |    100 |   5163 |   9 |  763.7 |
       Ossuary |    230 |    230 |      0 |      0 |    102 |   1 |  230.0 |
               +--------+--------+--------+--------+--------+-----+--------+

Top non-repeatable levels by time:
     D:4: 1213 daAuts
     D:5: 987 daAuts
     D:1: 934 daAuts
     D:6: 849 daAuts
     D:7: 675 daAuts
     D:2: 650 daAuts
     D:3: 561 daAuts
     D:9: 505 daAuts
     D:8: 495 daAuts
 Ossuary: 230 daAuts

Table legend:
 A = Kills in this place as a percentage of kills in the entire game.
 B = Kills by you in this place as a percentage of kills by you in the entire game.
 C = Kills by friends in this place as a percentage of kills by friends in the entire game.
 D = Other kills in this place as a percentage of other kills in the entire game.
 E = Experience gained in this place as a percentage of experience gained in the entire game.
 F = Experience gained in this place divided by the number of levels of this place that you have seen.
                   A       B       C       D       E      F
               +-------+-------+-------+-------+-------+----------------------
         Total | 100.0 | 100.0 |   N/A |   N/A | 100.0 | 867.4
       Dungeon |  90.6 |  90.6 |   N/A |   N/A |  99.1 | 955.2
       Ossuary |   9.4 |   9.4 |   N/A |   N/A |   0.9 |  77.0
               +-------+-------+-------+-------+-------+----------------------
